TOP OF THE 1ST |
Calgary Cowboys batting - Pitching for Redwood City Redwoods : RHP Júlio Castro
|
Pitching: RHP Júlio Castro
|
|
Batting: RHB Clark Hodge
|
0-0: Called Strike 0-1: Swinging Strike 0-2: Ball 1-2: Ball 2-2: Fly out, F6 (Popup, 6MS)
|
Batting: RHB Mike Wilcox
|
0-0: Ball 1-0: Ball 2-0: Called Strike 2-1: SINGLE (Line Drive, 7LS)
|
Batting: LHB Terry Maloney
|
0-0: Foul Ball, location: 2F 0-1: Ball 1-1: Ball Mike Wilcox is caught stealing 2nd base 2-1: Foul Ball, location: 2F 2-2: Ball 3-2: Base on Balls
|
Batting: RHB Cristián Peña
|
0-0: Ball Passed Ball! Terry Maloney to second 1-0: SINGLE (Line Drive, 78S) Terry Maloney to third Runner from 3rd tries for Home, SAFE, no throw or cutoff
|
Batting: RHB Dan Wyatt
|
0-0: Ball 1-0: Ball 2-0: Ball 3-0: Called Strike 3-1: Called Strike 3-2: Foul Ball, location: 2F 3-2: Base on Balls Cristián Peña to second
|
Batting: RHB Mario Sánchez
|
0-0: Ball 1-0: Ball 2-0: Ball 3-0: Base on Balls Cristián Peña to third Dan Wyatt to second
|
Batting: RHB Jorge Balencia
|
0-0: Ball 1-0: Foul Ball, location: 2F 1-1: Swinging Strike 1-2: Strikes out swinging
|
Top of the 1st over - 1 run(s), 2 hit(s), 0 error(s), 3 left on base; Calgary 1 - Redwood City 0 |
BOTTOM OF THE 1ST |
Redwood City Redwoods batting - Pitching for Calgary Cowboys : RHP Abraham Hes
|
Pitching: RHP Abraham Hes
|
|
Batting: LHB Alfonso Montoya
|
0-0: Ball 1-0: Ball 2-0: Ball 3-0: Called Strike 3-1: Bunt missed! 3-2: Strikes out looking
|
Batting: LHB Vincente Sáenz
|
0-0: Ball 1-0: Foul Ball, location: 2F 1-1: Ball 2-1: Ball 3-1: Foul Ball, location: 2F 3-2: Base on Balls
|
Batting: LHB Tony Warrilow
|
0-0: Ball 1-0: Swinging Strike 1-1: Swinging Strike 1-2: SINGLE (Groundball, 3D) Vincente Sáenz to second Runner from 2nd tries for 3rd, SAFE, throw made to third Tony Warrilow to second
|
Batting: LHB Nicholas Alston
|
0-0: Ball 1-0: SINGLE (Line Drive, 56D) Vincente Sáenz scores Tony Warrilow to third
|
Batting: LHB Patrick Bright
|
0-0: Ground out 3-1 (Groundball, 34) Tony Warrilow scores Nicholas Alston to second
|
Batting: RHB Fu Tse
|
0-0: Ball 1-0: Called Strike 1-1: Swinging Strike 1-2: Ball 2-2: Strikes out swinging
|
Bottom of the 1st over - 2 run(s), 2 hit(s), 0 error(s), 1 left on base; Calgary 1 - Redwood City 2 |
TOP OF THE 2ND |
Calgary Cowboys batting - Pitching for Redwood City Redwoods : RHP Júlio Castro
|
Batting: LHB Freddy Herrera
|
0-0: Swinging Strike 0-1: Ball 1-1: Foul Ball, location: 2F 1-2: Ground out U3 (Groundball, 3)
|
Batting: RHB Tom Yarbrough
|
0-0: Ball 1-0: Foul Ball, location: 2F 1-1: Ball 2-1: Foul Ball, location: 2F 2-2: Ball 3-2: Base on Balls
|
Batting: RHB Clark Hodge
|
0-0: Called Strike 0-1: Fielders Choice at 2nd, 4-6 (Groundball, 4)
|
Batting: RHB Mike Wilcox
|
0-0: Ball 1-0: Ball 2-0: Swinging Strike 2-1: Ball 3-1: Base on Balls Clark Hodge to second
|
Batting: LHB Terry Maloney
|
0-0: Ball 1-0: Ball 2-0: Called Strike 2-1: Foul Ball, location: 2F 2-2: Foul Ball, location: 2F 2-2: Ball 3-2: Base on Balls Clark Hodge to third Mike Wilcox to second
|
Batting: RHB Cristián Peña
|
0-0: Ball 1-0: Ball 2-0: Ball 3-0: Called Strike 3-1: Base on Balls Clark Hodge scores Mike Wilcox to third Terry Maloney to second
|
Batting: RHB Dan Wyatt
|
0-0: Swinging Strike 0-1: Foul Ball, location: 2F 0-2: Ball 1-2: Fielders Choice at 2nd, 5-4 (Groundball, 56)
|
Top of the 2nd over - 1 run(s), 0 hit(s), 0 error(s), 2 left on base; Calgary 2 - Redwood City 2 |
BOTTOM OF THE 2ND |
Redwood City Redwoods batting - Pitching for Calgary Cowboys : RHP Abraham Hes
|
Batting: LHB Juan Hernández
|
0-0: Ball 1-0: Swinging Strike 1-1: Ground out 4-3 (Groundball, 4M)
|
Batting: RHB Yasuhiko Sumita
|
0-0: Called Strike 0-1: Swinging Strike 0-2: Strikes out looking
|
Batting: LHB Héctor Flores
|
0-0: Swinging Strike 0-1: Ground out 1-3 (Groundball, 23)
|
Bottom of the 2nd over - 0 run(s), 0 hit(s), 0 error(s), 0 left on base; Calgary 2 - Redwood City 2 |
TOP OF THE 3RD |
Calgary Cowboys batting - Pitching for Redwood City Redwoods : RHP Júlio Castro
|
Batting: RHB Mario Sánchez
|
0-0: Ball 1-0: Ball 2-0: Ball 3-0: Base on Balls
|
Batting: RHB Jorge Balencia
|
0-0: Ball 1-0: Foul Ball, location: 2F 1-1: Ball 2-1: Called Strike 2-2: Fly out, F8 (Flyball, 8LD) Runner from 1st tags up, SAFE at 2nd
|
Batting: LHB Freddy Herrera
|
0-0: Ball 1-0: Called Strike Mario Sánchez is caught stealing 3rd base 1-1: Called Strike 1-2: Foul Ball, location: 2F 1-2: Ball 2-2: Foul Ball, location: 2F 2-2: SINGLE (Groundball, 6MD) (infield hit)
|
Batting: RHB Tom Yarbrough
|
0-0: Ground out 4-3 (Groundball, 13)
|
Top of the 3rd over - 0 run(s), 1 hit(s), 0 error(s), 1 left on base; Calgary 2 - Redwood City 2 |
BOTTOM OF THE 3RD |
Redwood City Redwoods batting - Pitching for Calgary Cowboys : RHP Abraham Hes
|
Batting: LHB Alfonso Montoya
|
0-0: Ball 1-0: Ball 2-0: Ball 3-0: Called Strike 3-1: Fly out, F7 (Line Drive, 78XD)
|
Batting: LHB Vincente Sáenz
|
0-0: Ball 1-0: Swinging Strike 1-1: Ball 2-1: Ball 3-1: Base on Balls
|
Batting: LHB Tony Warrilow
|
0-0: Called Strike 0-1: Ball 1-1: Ball 2-1: Swinging Strike 2-2: Ball 3-2: Base on Balls Vincente Sáenz to second
|
Batting: LHB Nicholas Alston
|
0-0: Called Strike 0-1: Fielders Choice at 2nd, 4-6 (Groundball, 4) Vincente Sáenz to third
|
Now at SS: Iain Liefting
|
|
Batting: LHB Patrick Bright
|
0-0: Ground out 4-3 (Groundball, 4)
|
Bottom of the 3rd over - 0 run(s), 0 hit(s), 0 error(s), 2 left on base; Calgary 2 - Redwood City 2 |
TOP OF THE 4TH |
Calgary Cowboys batting - Pitching for Redwood City Redwoods : RHP Júlio Castro
|
Batting: RHB Clark Hodge
|
0-0: Called Strike 0-1: Ball 1-1: Ball 2-1: Ball 3-1: Base on Balls
|
Batting: RHB Mike Wilcox
|
0-0: Ball 1-0: Ball 2-0: Foul Ball, location: 2F 2-1: Ground out 4-3 (Groundball, 4M) Clark Hodge to second
|
Batting: LHB Terry Maloney
|
0-0: Ball 1-0: Ball 2-0: Ground out 1-3 (Groundball, 13) Clark Hodge to third
|
Batting: RHB Cristián Peña
|
0-0: Called Strike 0-1: Fly out, F6 (Popup, 5F)
|
Top of the 4th over - 0 run(s), 0 hit(s), 0 error(s), 1 left on base; Calgary 2 - Redwood City 2 |
BOTTOM OF THE 4TH |
Redwood City Redwoods batting - Pitching for Calgary Cowboys : RHP Abraham Hes
|
Batting: RHB Fu Tse
|
0-0: Swinging Strike 0-1: Ball 1-1: Ground out 5-3 (Groundball, 56S)
|
Batting: LHB Juan Hernández
|
0-0: Called Strike 0-1: Ground out 6-3 (Groundball, 6)
|
Batting: RHB Yasuhiko Sumita
|
0-0: Called Strike 0-1: Ball 1-1: SOLO HOME RUN (Line Drive, 78XD), Distance : 393 ft
|
Batting: LHB Héctor Flores
|
0-0: Ball 1-0: Ball 2-0: Foul Ball, location: 2F 2-1: Foul Ball, location: 2F 2-2: DOUBLE (Line Drive, 7LM)
|
Batting: LHB Alfonso Montoya
|
0-0: Ball 1-0: Swinging Strike 1-1: Called Strike 1-2: Strikes out swinging
|
Bottom of the 4th over - 1 run(s), 2 hit(s), 0 error(s), 1 left on base; Calgary 2 - Redwood City 3 |
TOP OF THE 5TH |
Calgary Cowboys batting - Pitching for Redwood City Redwoods : RHP Júlio Castro
|
Pitching: RHP Lúcio Solano
|
|
Batting: RHB Dan Wyatt
|
0-0: Called Strike 0-1: Ball 1-1: Foul Ball, location: 2F 1-2: Foul Ball, location: 2F 1-2: Foul Ball, location: 2F 1-2: Ball 2-2: Fly out, F4 (Popup, 4S)
|
Batting: RHB Mario Sánchez
|
0-0: Foul Ball, location: 2F 0-1: Ball 1-1: Swinging Strike 1-2: Foul Ball, location: 2F 1-2: Foul Ball, location: 2F 1-2: Ball 2-2: Fly out, F8 (Flyball, 8RD)
|
Batting: RHB Iain Liefting
|
0-0: Called Strike 0-1: Ball 1-1: Ball 2-1: Foul Ball, location: 2F 2-2: Ball 3-2: Strikes out swinging
|
Top of the 5th over - 0 run(s), 0 hit(s), 0 error(s), 0 left on base; Calgary 2 - Redwood City 3 |
BOTTOM OF THE 5TH |
Redwood City Redwoods batting - Pitching for Calgary Cowboys : RHP Abraham Hes
|
Batting: LHB Vincente Sáenz
|
0-0: Ball 1-0: Foul Ball, location: 2F 1-1: Foul Ball, location: 2F 1-2: Strikes out swinging
|
Batting: LHB Tony Warrilow
|
0-0: Ball 1-0: Ball 2-0: Foul Ball, location: 2F 2-1: Ball 3-1: Foul Ball, location: 2F 3-2: Foul Ball, location: 2F 3-2: Foul Ball, location: 2F 3-2: Base on Balls
|
Batting: LHB Nicholas Alston
|
0-0: Called Strike 0-1: Fly out, F3 (Popup, 23F)
|
Batting: LHB Patrick Bright
|
0-0: Swinging Strike 0-1: Ball 1-1: Ball 2-1: Ball 3-1: Base on Balls Tony Warrilow to second
|
Batting: RHB Fu Tse
|
0-0: Swinging Strike 0-1: Fly out, F3 (Popup, 3SF)
|
Bottom of the 5th over - 0 run(s), 0 hit(s), 0 error(s), 2 left on base; Calgary 2 - Redwood City 3 |
TOP OF THE 6TH |
Calgary Cowboys batting - Pitching for Redwood City Redwoods : RHP Lúcio Solano
|
Batting: LHB Freddy Herrera
|
0-0: Ball 1-0: Called Strike 1-1: SINGLE (Flyball, 8LS)
|
Batting: RHB Tom Yarbrough
|
0-0: Ball 1-0: Ball 2-0: Swinging Strike 2-1: Ball 3-1: Base on Balls Freddy Herrera to second
|
Batting: RHB Clark Hodge
|
0-0: Swinging Strike 0-1: Ball 1-1: Foul Ball, location: 2F 1-2: Strikes out swinging
|
Batting: RHB Mike Wilcox
|
0-0: Called Strike 0-1: Ball Passed Ball! Freddy Herrera to third Tom Yarbrough to second 1-1: Ball 2-1: Foul Ball, location: 2F 2-2: Strikes out looking
|
Pitching: LHP Haywood Brown
|
|
Batting: LHB Terry Maloney
|
0-0: Ball 1-0: Foul Ball, location: 2F 1-1: Ball 2-1: Called Strike 2-2: Fly out, F5 (Popup, 5S)
|
Top of the 6th over - 0 run(s), 1 hit(s), 0 error(s), 2 left on base; Calgary 2 - Redwood City 3 |
BOTTOM OF THE 6TH |
Redwood City Redwoods batting - Pitching for Calgary Cowboys : RHP Abraham Hes
|
Batting: LHB Juan Hernández
|
0-0: Ball 1-0: Foul Ball, location: 2F 1-1: Ball 2-1: Called Strike 2-2: Fly out, F8 (Flyball, 8LM)
|
Batting: RHB Yasuhiko Sumita
|
0-0: Ball 1-0: Ball 2-0: Ball 3-0: Called Strike 3-1: Foul Ball, location: 2F 3-2: Foul Ball, location: 2F 3-2: Ground out 4-3 (Groundball, 4)
|
Batting: LHB Héctor Flores
|
0-0: Ball 1-0: Ball 2-0: Ball 3-0: Called Strike 3-1: Called Strike 3-2: Strikes out swinging
|
Bottom of the 6th over - 0 run(s), 0 hit(s), 0 error(s), 0 left on base; Calgary 2 - Redwood City 3 |
TOP OF THE 7TH |
Calgary Cowboys batting - Pitching for Redwood City Redwoods : LHP Haywood Brown
|
Pitching: RHP William Simpson
|
|
Batting: RHB Cristián Peña
|
0-0: Ball 1-0: Called Strike 1-1: Ball 2-1: Swinging Strike 2-2: Ball 3-2: Ground out 5-3 (Groundball, 56)
|
Batting: RHB Dan Wyatt
|
0-0: Ball 1-0: Ball 2-0: SINGLE (Line Drive, 78M)
|
Batting: RHB Mario Sánchez
|
0-0: Called Strike 0-1: Ground out 5-3 (Groundball, 5) Dan Wyatt to second
|
Pinch Hitting: RHB Shayne Burry
|
0-0: Called Strike 0-1: Ball 1-1: Foul Ball, location: 2F 1-2: Strikes out looking
|
Top of the 7th over - 0 run(s), 1 hit(s), 0 error(s), 1 left on base; Calgary 2 - Redwood City 3 |
TOP OF THE 8TH |
Calgary Cowboys batting - Pitching for Redwood City Redwoods : RHP William Simpson
|
Now in CF: River Wilson
|
|
Now in RF: Robinson Martínez
|
|
Batting: LHB Freddy Herrera
|
0-0: Ground out U3 (Groundball, 3)
|
Batting: RHB Tom Yarbrough
|
0-0: SINGLE (Popup, 6MD)
|
Pitching: RHP Jim Williams
|
|
Batting: RHB Clark Hodge
|
0-0: Called Strike 0-1: Swinging Strike 0-2: Fly out, F9 (Flyball, 9M)
|
Batting: RHB Mike Wilcox
|
0-0: Ball 1-0: Ground out 4-3 (Groundball, 4)
|
Top of the 8th over - 0 run(s), 1 hit(s), 0 error(s), 1 left on base; Calgary 2 - Redwood City 4 |
BOTTOM OF THE 8TH |
Redwood City Redwoods batting - Pitching for Calgary Cowboys : LHP Mario Rosário
|
Batting: LHB Patrick Bright
|
0-0: Foul Ball, location: 2F 0-1: Ball 1-1: Ground out 4-3 (Groundball, 4)
|
Batting: RHB Fu Tse
|
0-0: Ball 1-0: Foul Ball, location: 2F 1-1: Foul Ball, location: 2F 1-2: DOUBLE (Groundball, 5L)
|
Batting: LHB Juan Hernández
|
0-0: Ball 1-0: Foul Ball, location: 2F 1-1: Ball 2-1: Ball 3-1: Base on Balls
|
Batting: RHB Yasuhiko Sumita
|
0-0: Called Strike 0-1: SINGLE (Groundball, 56) Fu Tse to third Juan Hernández to second
|
Pinch Hitting: RHB William Parker
|
0-0: Ball 1-0: Called Strike 1-1: Called Strike 1-2: Ball 2-2: Foul Ball, location: 2F 2-2: Ball 3-2: Base on Balls Fu Tse scores Juan Hernández to third Yasuhiko Sumita to second
|
Pinch Hitting: RHB Joe Flint
|
0-0: Ground out 5-3 (Groundball, 15S) Juan Hernández scores Yasuhiko Sumita to third William Parker to second
|
Pitching: RHP Richard Boyd
|
|
Batting: RHB Robinson Martínez
|
0-0: Called Strike 0-1: Ball 1-1: Ball 2-1: Ball 3-1: Base on Balls
|
Batting: LHB Tony Warrilow
|
0-0: Foul Ball, location: 2F 0-1: Ball 1-1: Ball 2-1: Fielders Choice at 2nd, U4 (Groundball, 4M)
|
Bottom of the 8th over - 2 run(s), 2 hit(s), 0 error(s), 3 left on base; Calgary 2 - Redwood City 6 |
TOP OF THE 9TH |
Calgary Cowboys batting - Pitching for Redwood City Redwoods : RHP Jim Williams
|
Now at 2B: Yataro Abe
|
|
Now in LF: William Parker
|
|
Batting: LHB Terry Maloney
|
0-0: Called Strike 0-1: Ball 1-1: Ball 2-1: Foul Ball, location: 2F 2-2: Ball 3-2: Base on Balls
|
Batting: RHB Cristián Peña
|
0-0: Ball 1-0: Called Strike 1-1: Called Strike 1-2: Ball 2-2: Ball 3-2: Foul Ball, location: 2F 3-2: Foul Ball, location: 2F 3-2: Foul Ball, location: 2F 3-2: 2-RUN HOME RUN (Flyball, 7D), Distance : 368 ft
|
Pitching: LHP George Owens
|
|
Batting: RHB Dan Wyatt
|
0-0: Called Strike 0-1: Ball 1-1: Swinging Strike 1-2: Ball 2-2: Strikes out swinging
|
Batting: RHB Mario Sánchez
|
0-0: Ball 1-0: Ball 2-0: SINGLE (Groundball, 34S)
|
Batting: RHB Ramón Martínez
|
0-0: Ball 1-0: Ground out 2-3 (Groundball, 23) Mario Sánchez to second
|
Pinch Hitting: RHB Jesús Hernández
|
0-0: Fly out, F7 (Flyball, 7M)
|
Top of the 9th over - 2 run(s), 2 hit(s), 0 error(s), 1 left on base; Calgary 4 - Redwood City 6 |
|